 Dungeon Crawl Stone Soup version 0.29-a0-359-g541a27f54d (webtiles) character file.

Game seed: 6416309832018269376

40 Shayle the Sneak (level 3, 0/22 HPs)
             Began as a Tengu Brigand on Apr 28, 2022.
             Succumbed to a goblin's poison
             ... on level 2 of the Dungeon.
             The game lasted 00:03:39 (1466 turns).

Shayle the Sneak (Tengu Brigand)                    Turns: 1466, Time: 00:03:39

Health: 0/22       AC:  3    Str: 11    XL:     3   Next: 50%
Magic:  5/5        EV: 12    Int: 13    God:
Gold:   107        SH:  0    Dex: 15    Spells: 4/4 levels left

rFire   . . .      SeeInvis .   a - +2 dagger
rCold   . . .      Faith    .   (no shield)
rNeg    . . .      Spirit   .   b - +0 robe
rPois   .          Reflect  .   (helmet restricted)
rElec   .          Harm     .   c - +0 cloak
rCorr   .          Rampage  .   (no gloves)
Will    .....                   (boots unavailable)
Stlth   +++.......              m - amulet of regeneration
HPRegen 0.87/turn               (no ring)
MPRegen 0.09/turn               (no ring)

@: mighty, lethally poisoned (0 -> -1)
A: beak, talons 3
a: no special abilities


You were on level 2 of the Dungeon.
You visited 1 branch of the dungeon, and saw 2 of its levels.

You collected 107 gold pieces.

Inventory:

Hand Weapons
 a - a +2 dagger (weapon)
Missiles
 d - 9 poisoned darts (quivered)
 e - 3 curare-tipped darts
Armour
 b - a +0 robe (worn)
 c - a +0 cloak (worn)
Jewellery
 m - an amulet of regeneration (around neck)
Scrolls
 g - 2 scrolls of teleportation {unknown}
 h - a scroll of fear {unknown}
 i - 2 scrolls of enchant weapon {unknown}
 j - a scroll of immolation {unknown}
 k - a scroll of identify {unknown}
 l - a scroll of blinking {unknown}


   Skills:
 + Level 2.4 Fighting
 - Level 2.1 Short Blades
 - Level 2.0 Throwing
 + Level 2.0 Dodging
 + Level 4.3 Stealth
 + Level 1.1 Spellcasting


You had 4 spell levels left.
You didn't know any spells.
Your spell library contained the following spells:

 Spells                   Type           Power      Damage    Failure   Level
 Ensorcelled Hibernation  Hex/Ice        0%         N/A       38%         2
 Passwall                 Tmut/Erth      0%         N/A       38%         2
 Swiftness                Air            0%         N/A       63%         3
 Olgreb's Toxic Radiance  Pois           0%         N/A       95%         4
 Ozocubu's Refrigeration  Ice            0%         4d5       100%        7
 Ignition                 Fire           0%         3d3       100%        8


Dungeon Overview and Level Annotations

Branches:
Dungeon (2/15)

Altars:

Annotations:
D:2 Robin


Innate Abilities, Weirdness & Mutations

You have a beak for a mouth.
You have claws for feet.


Message History

The goblin hits you with a +2 dagger of speed.
The hobgoblin hits you. The goblin barely misses you.
You miss the goblin.
The goblin is almost dead.
The goblin hits you with a +2 dagger of speed.
* * * LOW HITPOINT WARNING * * *
The goblin misses you. The goblin closely misses you.
It was a potion of might.
You feel very mighty all of a sudden.
The goblin hits you with a +2 dagger of speed.
* * * LOW HITPOINT WARNING * * *
The hobgoblin closely misses you. The goblin closely misses you.
Robin points. "Kill!"
It was a potion of heal wounds.
You feel much better. The goblin barely misses you. The hobgoblin misses you.
The goblin hits you with a +0 dagger of venom.
You are poisoned.
The goblin hits you with a +2 dagger of speed.
You puncture the goblin!
You kill the goblin!
You feel very sick. The hobgoblin closely misses you.
The goblin barely misses you. Robin throws the goblin at you!
Unknown command.
You puncture the goblin!
You kill the goblin!
You feel sick. The hobgoblin closely misses you. Robin barely misses you.
The goblin barely misses you.
You feel sick. The hobgoblin hits you.
* * * LOW HITPOINT WARNING * * *
Robin throws the goblin at you!
There is an open door here.
Things that are here:
a +0 club; a +2 dagger of speed
* * * LOW HITPOINT WARNING * * *
You feel sick. The goblin hits you with a +0 dagger.
* * * LOW HITPOINT WARNING * * *
Things that are here:
a +0 short sword; 3 stones You die...

### ######## #.#
#......# #.#
#......# #.#
#......#########.#
#.>......@)g.††..#
#.......###g###..#
#.......#.gg.##..#
##.......#....##..#
#).......#....##..#
#.......##....##..#
#.########....#####
#.# ###.....gggg
#.# ##########


You could see a hobgoblin (strong) and a goblin (strong).

Vanquished Creatures
  2 ball pythons (D:2)
  2 endoplasms (D:1)
  A giant cockroach (D:2)
  8 goblins
  2 hobgoblins (D:2)
  4 jackals (D:1)
  3 quokkas (D:1)
  3 bats
  3 frilled lizards (D:1)
  3 kobolds
  3 rats
34 creatures vanquished.

Notes
Turn   | Place    | Note
-------+----------+-------------------------------------------
     0 | D:1      | Shayle the Tengu Brigand began the quest for the Orb.
     0 | D:1      | Reached XP level 1. HP: 12/12 MP: 2/2
   173 | D:1      | Reached XP level 2. HP: 16/17 MP: 3/3
  1150 | D:2      | Found a faded altar of an unknown god.
  1158 | D:1      | Reached XP level 3. HP: 22/22 MP: 5/5
  1159 | D:1      | Reached skill level 1 in Spellcasting
  1450 | D:2      | Noticed Robin
  1465 | D:2      | HP: 1/22 [goblin/+0 dagger[Robin] (2)]
  1466 | D:2      | Succumbed to a goblin's poison

Illustrated notes

Levels and vault maps discovered:
D:1:      sevenhm_arrival_forest_fort_large_3, layout_basic, serial_glass,
          glass_columns_a, glass_columns_a, minmay_splitting_lines,
          corexii_leaking_fountain
D:2:      layout_basic, ebering_ecumenical_altar_sacrificial,
          chequers_serial_rivers_micro_b, minmay_hexomino_p4, uniq_robin,
          uniq_jessica

Skill      XL: |  1  2  3 |
---------------+----------+-----
Spellcasting   | 1 |  1.1
Dodging        | 2 |  2.0
Fighting       | |  2.4
Short Blades   | |  2.1
Throwing       | |  2.0
Stealth        | |  4.3

Action                   || total
-------------------------++-------
Melee: Dagger            ||    81
       Peck              ||    13
       Kick              ||    14
       Punch             ||     1
  Use: Potion            ||     2
 Stab: Sleeping          ||     3
Armor: Robe              ||    24
Dodge: Dodged            ||    75

Table legend: (Time is in decaauts)
 A = Elapsed time spent in this place.
 B = Non-inter-level travel time spent in this place.
 C = Inter-level travel time spent in this place.
 D = Time resting spent in this place.
 E = Time spent auto-exploring this place.
 F = Levels seen in this place.
 G = Mean time per level.
                   A        B        C        D        E       F      G
               +--------+--------+--------+--------+--------+-----+--------+
         Total |   1458 |   1392 |     66 |      0 |   1075 |   2 |  729.0 |
       Dungeon |   1458 |   1392 |     66 |      0 |   1075 |   2 |  729.0 |
               +--------+--------+--------+--------+--------+-----+--------+

Top non-repeatable levels by time:
     D:1: 1153 daAuts
     D:2: 304 daAuts
